AoeStats
← feedmepls9

Four Lakes

508839570Analyzed
1v1 RM · 8d ago on Sep 24, 2026· 47m 59s· 2 players
Game mode
Random Map
Map size
Tiny (2 player)
Population
200
Speed
Normal
Resources
Standard
Victory
Conquest
Starting age
Dark Age
Ending age
Imperial Age
RankedLock teamsTeams togetherTeam positionsShared explorationLock speedFull tech treeHidden civsTurbo modeCheats
Victory
Defeat
🇨🇿 Lithuanians · Czechia
429
+18
🇷🇺 Franks · Russia
481
-18
LadinekJerabina
6:50 Loom
9:28 Feudal Age
10:48 Wheelbarrow
10:01 Double-Bit Axe
10:01 Horse Collar
10:56 Gold Mining
20:23 Castle Age
19:26 Scale Barding Armor
19:32 Forging
21:20 Hand Cart
21:27 Heavy Plow
21:52 Bow Saw
23:53 Iron Casting
23:09 Fletching
24:19 Scale Mail Armor
23:46 Pikeman
24:26 Stone Mining
24:52 Fervor
26:27 Stone Shaft Mining
26:31 Husbandry
26:41 Bloodlines
27:59 Chain Barding Armor
27:29 Pikeman
28:11 Squires
27:59 Arson
29:00 Bodkin Arrow
30:12 Ballistics
29:47 Murder Holes
29:36 Treadmill Crane
29:56 Murder Holes
30:22 Ballistics
30:13 Masonry
35:23 Imperial Age
34:12 Hill Forts
35:06 Town Watch
36:43 Crop Rotation
37:18 Two-Man Saw
36:21 Bracer
36:57 Plate Barding Armor
38:01 Cavalier
41:49 Elite Leitis
42:54 Conscription
44:49 Chemistry
44:21 Architecture
feedmepls9
4:47 Loom
9:47 Feudal Age
11:03 Wheelbarrow
10:18 Double-Bit Axe
13:54 Stone Mining
23:01 Castle Age
23:47 Gold Mining
24:11 Bow Saw
24:13 Husbandry
24:32 Hand Cart
27:43 Gold Shaft Mining
27:28 Scale Barding Armor
27:35 Forging
27:20 Fishing Lines
35:46 Imperial Age
37:20 Conscription
36:41 Cavalier
37:57 Iron Casting
37:43 Chain Barding Armor
43:35 Paladin
44:01 Elite Throwing Axeman
45:01 Ordonnance Companies
45:47 Chivalry
Connection lost

Rejoining the realm…

Still unreachable

The connection could not be restored.

Session expired

The server has moved on; the page needs a fresh start.